AoeStats
← 公鸡神探

Black Forest

507966406Analyzed
4v4 RM · 12d ago on Sep 20, 2026· 64m 35s· 8 players
Game mode
Random Map
Map size
Large (8 player)
Population
200
Speed
Normal
Resources
Standard
Victory
Conquest
Starting age
Dark Age
Ending age
Imperial Age
RankedLock teamsTeams togetherTeam positionsShared explorationLock speedFull tech treeHidden civsTurbo modeCheats
Victory
Defeat
🇦🇷 Japanese · Argentina
1226
+14
🇪🇸 Mongols · Spain
1221
+14
🇹🇼 Italians · Taiwan
1208
+14
🇨🇳 Bohemians · China
1179
+15
🇨🇳 Khmer · China
1189
-15
🇨🇳 Italians · China
1182
-15
🇨🇳 Sicilians · China
1170
-14
1146
-13
kobeman
1:19 Loom
13:15 Feudal Age
16:51 Castle Age
14:44 Double-Bit Axe
15:04 Horse Collar
23:57 Bow Saw
26:07 Wheelbarrow
26:15 Heavy Plow
30:55 Imperial Age
31:25 Fletching
31:31 Heavy Scorpion
32:01 Heavy Scorpion
33:06 Hand Cart
33:23 Crop Rotation
32:57 Bodkin Arrow
33:06 Gold Mining
33:06 Stone Mining
32:40 Heavy Scorpion
33:47 Conscription
34:25 Double Crossbow
35:14 Bracer
35:20 Scale Barding Armor
35:25 Forging
36:19 Chemistry
35:41 Ballistics
35:49 Bloodlines
35:00 Light Cavalry
35:40 Husbandry
37:27 Hoardings
36:17 Hussar
37:40 Chain Barding Armor
38:45 Siege Engineers
39:32 Plate Barding Armor
49:49 Gold Shaft Mining
49:55 Iron Casting
49:44 Town Watch
62:52 Caravan
公鸡神探
7:33 Loom
12:55 Feudal Age
14:17 Double-Bit Axe
14:14 Horse Collar
16:35 Castle Age
15:06 Fletching
15:16 Padded Archer Armor
15:16 Gold Mining
17:36 Bow Saw
18:30 Bodkin Arrow
18:51 Leather Archer Armor
23:50 Leather Archer Armor
33:56 Imperial Age
33:01 Heavy Plow
34:20 Ballistics
35:00 Conscription
36:02 Bracer
37:28 Ring Archer Armor
38:42 Silk Road
40:27 Two-Man Saw
40:03 Crop Rotation
40:43 Caravan
40:53 Elite Genoese Crossbowman
43:04 Wheelbarrow
42:15 Town Watch
43:55 Chemistry
44:16 Stone Mining
45:09 Bombard Tower
44:57 Squires
44:43 Arson
44:59 Scale Mail Armor
45:10 Forging
45:39 Masonry
45:12 Treadmill Crane
46:31 Chain Mail Armor
46:51 Iron Casting
47:36 Plate Mail Armor
50:16 Blast Furnace
52:30 Scale Barding Armor
53:18 Pirotechnia
翻斗花园突破手绫小路
13:36 Feudal Age
15:36 Double-Bit Axe
16:00 Horse Collar
18:54 Castle Age
19:20 Forging
19:16 Scale Barding Armor
21:24 Loom
25:53 Chain Barding Armor
37:38 Wheelbarrow
42:17 Wheelbarrow
无甲的joe
1:20 Loom
9:41 Feudal Age
13:46 Fletching
25:29 Forging
32:36 Castle Age
31:13 Horse Collar
31:21 Double-Bit Axe
31:28 Stone Mining
32:52 Scale Mail Armor
37:34 Wheelbarrow
39:49 Imperial Age
37:05 Town Watch
37:57 Bow Saw
37:50 Heavy Plow
37:48 Gold Mining
39:05 Gold Shaft Mining
39:34 Stone Shaft Mining
39:32 First Crusade
39:42 Chain Mail Armor
40:02 Iron Casting
40:14 Elite Serjeant
41:14 Conscription
40:22 Elite Serjeant
41:39 Plate Mail Armor
41:00 Arson
41:16 Squires
41:21 Capped Ram
43:41 Blast Furnace
42:20 Siege Ram
javipuerto
1:45 Loom
11:35 Feudal Age
15:31 Fletching
20:28 Castle Age
18:51 Padded Archer Armor
18:58 Stone Mining
21:37 Crossbowman
27:19 Bodkin Arrow
28:50 Gold Mining
31:10 Horse Collar
32:46 Double-Bit Axe
33:59 Ballistics
34:46 Leather Archer Armor
35:31 Bloodlines
35:56 Husbandry
36:17 Masonry
36:49 Elite Skirmisher
38:24 Wheelbarrow
41:39 Imperial Age
42:30 Bracer
43:34 Chemistry
43:03 Bow Saw
44:44 Parthian Tactics
45:32 Elite Mangudai
46:34 Conscription
46:50 Hoardings
46:38 Conscription
52:59 Hand Cart
傳奇商店
1:44 Loom
12:54 Feudal Age
17:13 Castle Age
16:34 Double-Bit Axe
16:34 Horse Collar
22:39 Imperial Age
21:15 Bow Saw
21:03 Gold Mining
22:28 Heavy Plow
23:51 Fletching
24:02 Padded Archer Armor
27:19 Bodkin Arrow
28:05 Bracer
31:12 Leather Archer Armor
32:14 Chemistry
31:36 Ballistics
32:09 Thumb Ring
33:28 Wheelbarrow
36:22 Elite Genoese Crossbowman
37:23 Conscription
37:56 Ring Archer Armor
48:21 Two-Man Saw
56:36 Hand Cart
wake
0:50 Loom
10:21 Feudal Age
14:28 Horse Collar
21:20 Wheelbarrow
21:06 Fletching
21:18 Padded Archer Armor
35:11 Castle Age
33:58 Double-Bit Axe
37:45 Hand Cart
39:56 Fortified Wall
41:18 Bow Saw
41:10 Heavy Plow
41:05 Treadmill Crane
49:56 Imperial Age
47:48 Ballistics
47:36 Bodkin Arrow
47:57 Leather Archer Armor
47:52 Thumb Ring
47:59 Husbandry
48:10 Bloodlines
48:10 Yasama
48:04 Stone Mining
48:04 Gold Mining
48:50 Guard Tower
50:27 Scale Mail Armor
50:37 Forging
51:32 Conscription
51:13 Bracer
52:14 Chemistry
52:00 Ring Archer Armor
51:45 Chain Mail Armor
52:06 Iron Casting
52:38 Two-Man Saw
51:16 Elite Samurai
52:18 Kataparuto
52:22 Arrowslits
53:31 Plate Mail Armor
56:01 Blast Furnace
55:12 Squires
54:57 Gambesons
54:57 Arson
54:57 Man-at-Arms
57:25 Masonry
61:48 Gold Shaft Mining
63:54 Caravan
转世
0:46 Loom
12:39 Feudal Age
17:19 Castle Age
15:35 Double-Bit Axe
16:04 Horse Collar
30:39 Imperial Age
28:29 Fervor
29:28 Wheelbarrow
29:47 Coinage
29:17 Caravan
31:06 Chemistry
29:46 Treadmill Crane
30:13 Scale Mail Armor
30:23 Forging
30:41 Squires
30:48 Pikeman
32:22 Banking
32:58 Chain Mail Armor
33:19 Iron Casting
33:40 Hand Cart
33:18 Halberdier
33:43 Arson
34:22 Bow Saw
34:35 Houfnice
38:14 Blast Furnace
37:45 Plate Mail Armor
38:31 Ballistics
38:49 Siege Engineers
56:10 Fletching
56:21 Padded Archer Armor
57:27 Man-at-Arms
62:35 Long Swordsman
63:24 Two-Handed Swordsman
Connection lost

Rejoining the realm…

Still unreachable

The connection could not be restored.

Session expired

The server has moved on; the page needs a fresh start.